 Dungeon Crawl Stone Soup version 0.28-a0-724-g66f9036eb4 (webtiles) character file.

Game seed: 8765899357847599051

361 Ijustatesigmund the Covert (level 6, -1/53 HPs)
             Began as a Gnoll Delver on Oct 27, 2021.
             Slain by Pikel (5 damage)
             ... on level 4 of the Dungeon.
             The game lasted 00:05:57 (2761 turns).

Ijustatesigmund the Covert (Gnoll Delver)           Turns: 2761, Time: 00:05:57

Health: -1/53      AC:  3    Str: 12    XL:     6   Next: 66%
Magic:  9/9        EV: 14    Int: 10    God:
Gold:   98         SH:  0    Dex: 19    Spells: 9/9 levels left

rFire   . . .      SeeInvis .   a - +7 war axe of Muuzaj {freeze, Dex+5}
rCold   . . .      Faith    .   (no shield)
rNeg    . . .      Spirit   .   b - +0 leather armour
rPois   .          Reflect  .   (no helmet)
rElec   .          Harm     .   (no cloak)
rCorr   .          Rampage  .   (no gloves)
Will    .....                   (no boots)
Stlth   ++++......              (no amulet)
HPRegen 0.17/turn               (no ring)
MPRegen 0.11/turn               (no ring)

@: flying
A: fangs 1, strong nose, distributed training
a: no special abilities


You were on level 4 of the Dungeon.
You visited 1 branch of the dungeon, and saw 5 of its levels.

You collected 168 gold pieces.
You spent 70 gold pieces at shops.

Inventory:

Hand Weapons
 a - the +7 war axe of Muuzaj (weapon) {freeze, Dex+5}
   (You found it on level 5 of the Dungeon)

   It freezes those it strikes, dealing additional cold damage.
   It can also slow down cold-blooded creatures.
   Dex:       It affects your dexterity (+5).
 k - a +0 flail
Missiles
 e - 24 poisoned darts
 h - 2 silver javelins (quivered)
Armour
 b - a +0 leather armour (worn)
Jewellery
 i - a ring of ice
 s - a ring of resist corrosion
Wands
 g - a wand of digging (3)
Scrolls
 c - a scroll of fog
 d - a scroll of magic mapping
 p - a scroll of immolation
 r - a scroll of holy word
 t - a scroll of fear
 u - a scroll of teleportation
Potions
 f - a potion of haste
 j - 2 potions of resistance
 l - a potion of curing
 m - a potion of brilliance
 n - a potion of magic
 o - a potion of flight
 q - a potion of mutation {unknown}
 v - a potion of lignification {unknown}


   Skills:
 + Level 6.8 Fighting
 + Level 2.0 Short Blades
 + Level 2.0 Long Blades
 + Level 5.0 Axes
 + Level 2.0 Maces & Flails
 + Level 2.0 Polearms
 + Level 2.0 Staves
 + Level 2.0 Slings
 + Level 2.0 Bows
 + Level 2.0 Crossbows
 + Level 2.0 Throwing
 + Level 2.0 Armour
 + Level 5.0 Dodging
 + Level 9.8 Stealth
 + Level 2.0 Shields
 + Level 2.0 Unarmed Combat
 + Level 2.0 Spellcasting
 + Level 1.6 Conjurations
 + Level 1.6 Hexes
 + Level 1.6 Summonings
 + Level 1.6 Necromancy
 + Level 1.6 Translocations
 + Level 1.6 Transmutations
 + Level 1.6 Fire Magic
 + Level 1.6 Ice Magic
 + Level 1.6 Air Magic
 + Level 1.6 Earth Magic
 + Level 1.6 Poison Magic
 + Level 2.2 Invocations
 + Level 2.0 Evocations


You had 9 spell levels left.
You didn't know any spells.
Your spell library contained the following spells:

 Spells                   Type           Power      Damage    Failure   Level
 Ozocubu's Armour         Ice            4%         N/A       52%         3
 Ozocubu's Refrigeration  Ice            2%         4d5       100%        7


Dungeon Overview and Level Annotations

Branches:
Dungeon (5/15)             Temple (0/1) D:4

Altars:

Shops:
D:3 ?

Annotations:
D:4 Pikel


Innate Abilities, Weirdness & Mutations

You have very sharp teeth.
Your uncanny sense of smell can sniff out nearby items.
Your experience applies equally to all skills.


Message History

You throw a silver javelin.
Pikel shouts!
The silver javelin pierces through Pikel but does no damage.
Pikel is lightly wounded.
Throw: 5 javelins (silver)
Press: ? - help, Q - select action, (/) - cycle Shift-Dir - straight line, f/p - Pikel
Aim: Pikel, wielding a +1 whip of freezing, wearing a +0 robe and carrying a wand of acid (7) (lightly wounded, 59% to hit)
You throw a silver javelin.
The silver javelin pierces through Pikel but does no damage.
Pikel is lightly wounded.
Throw: 4 javelins (silver)
Press: ? - help, Q - select action, (/) - cycle Shift-Dir - straight line, f/p - Pikel
Aim: Pikel, wielding a +1 whip of freezing, wearing a +0 robe and carrying a wand of acid (7) (lightly wounded, 59% to hit)
You throw a silver javelin.
The silver javelin pierces through Pikel.
Pikel is lightly wounded.
Throw: 3 javelins (silver)
Press: ? - help, Q - select action, (/) - cycle Shift-Dir - straight line, f/p - Pikel
Aim: Pikel, wielding a +1 whip of freezing, wearing a +0 robe and carrying a wand of acid (7) (lightly wounded, 59% to hit)
You throw a silver javelin. The silver javelin misses Pikel.
Pikel zaps a wand.
The bolt of acid hits you!!!
Ouch! That really hurt!
* * * LOW HITPOINT WARNING * * *
It was a potion of flight.
You feel very buoyant.
You fly up into the air.
Pikel drinks a potion.
Pikel seems to grow stronger.
You feel better.
You slash Pikel! You freeze Pikel.
Pikel is heavily wounded.
Pikel zaps a wand.
The bolt of acid hits you!
You slash Pikel! You freeze Pikel.
Pikel is severely wounded.
Pikel hits you with a +1 whip of freezing.
* * * LOW HITPOINT WARNING * * *
Pikel freezes you.
* * * LOW HITPOINT WARNING * * *
Pikel hits you with a +1 whip of freezing!
* * * LOW HITPOINT WARNING * * *
Pikel freezes you.
You die...

##..##.#....##......#######
.......#.##(..[##†.........#
#.###.##.....(##..........##.#
#!.......##.>....#..#..##.##.#
#####..#......##.#†.#..#...#.#
#..#†#.##.......#....#....
#....#.....#.##.##.#......
#.#...†##K.#....##.##.....
#.#.##†).@...##.##.###....
#......#.##.....##.# ##...
#.##..)#)...##..##.# ##.#
#...............##.. ...#
##.######.##..##### ##### #.
.. ## # # .## # .# ##### ..
#....


You could see Pikel (strong).

Vanquished Creatures
  4 lemures
  A kobold brigand (D:4)
  A scorpion (D:4)
  A hound (D:4)
  A bullfrog skeleton (D:3)
  An iguana (D:4)
  4 gnolls (D:3)
  4 adders
  7 orcs
  6 endoplasms
  2 giant cockroaches
  4 goblins
  8 hobgoblins
  18 jackals
  2 quokkas
  4 ball pythons
  3 bats
  5 frilled lizards
  6 kobolds
  2 rats (D:2)
84 creatures vanquished.

Notes
Turn   | Place    | Note
-------+----------+-------------------------------------------
     0 | D:5      | Reached skill level 9 in Stealth
     0 | D:5      | Ijustatesigmund the Gnoll Delver began the quest for the
                  | Orb.
     0 | D:5      | Reached XP level 1. HP: 23/23 MP: 1/1
     2 | D:5      | Identified the +7 war axe of Muuzaj {freeze, Dex+5}
    29 | D:4      | Noticed a hound
    30 | D:4      | Killed a hound
    31 | D:4      | Reached XP level 2. HP: 29/29 MP: 2/2
    31 | D:4      | Reached XP level 3. HP: 35/35 MP: 3/3
    31 | D:4      | Noticed a kobold brigand
    35 | D:4      | Reached skill level 1 in Invocations
    51 | D:4      | Killed a kobold brigand
    52 | D:4      | Reached skill level 1 in Short Blades
    52 | D:4      | Reached skill level 1 in Long Blades
    52 | D:4      | Reached skill level 1 in Maces & Flails
    52 | D:4      | Reached skill level 1 in Polearms
    52 | D:4      | Reached skill level 1 in Staves
    52 | D:4      | Reached skill level 1 in Slings
    52 | D:4      | Reached skill level 1 in Bows
    52 | D:4      | Reached skill level 1 in Crossbows
    52 | D:4      | Reached skill level 1 in Throwing
    52 | D:4      | Reached skill level 1 in Armour
    52 | D:4      | Reached skill level 1 in Shields
    52 | D:4      | Reached skill level 1 in Unarmed Combat
    52 | D:4      | Reached skill level 1 in Spellcasting
    52 | D:4      | Reached skill level 1 in Conjurations
    52 | D:4      | Reached skill level 1 in Hexes
    52 | D:4      | Reached skill level 1 in Summonings
    52 | D:4      | Reached skill level 1 in Necromancy
    52 | D:4      | Reached skill level 1 in Translocations
    52 | D:4      | Reached skill level 1 in Transmutations
    52 | D:4      | Reached skill level 1 in Fire Magic
    52 | D:4      | Reached skill level 1 in Ice Magic
    52 | D:4      | Reached skill level 1 in Air Magic
    52 | D:4      | Reached skill level 1 in Earth Magic
    52 | D:4      | Reached skill level 1 in Poison Magic
    52 | D:4      | Reached skill level 1 in Evocations
    52 | D:4      | Reached XP level 4. HP: 26/41 MP: 5/5
    57 | D:4      | Noticed a lemure
    58 | D:4      | Noticed a lemure
    58 | D:4      | Noticed a lemure
    58 | D:4      | Noticed Pikel
    59 | D:4      | Noticed a lemure
   251 | D:5      | Killed a lemure
   305 | D:5      | Killed a lemure
   315 | D:5      | Killed a lemure
   379 | D:4      | Noticed a scorpion
   388 | D:4      | Killed a scorpion
   389 | D:4      | Reached XP level 5. HP: 47/47 MP: 5/7
   415 | D:4      | Killed a lemure
  1733 | D:2      | Reached XP level 6. HP: 53/53 MP: 8/8
  1921 | D:3      | Found Zijoann's Magic Scroll Boutique.
  1936 | D:3      | Found a faded altar of an unknown god.
  1941 | D:3      | Bought a scroll of identify for 20 gold pieces
  1941 | D:3      | Bought a scroll of teleportation for 30 gold pieces
  1941 | D:3      | Bought a scroll of identify for 20 gold pieces
  2013 | D:3      | Reached skill level 5 in Axes
  2013 | D:3      | Reached skill level 5 in Dodging
  2659 | D:4      | Found a staircase to the Ecumenical Temple.
  2761 | D:4      | Slain by Pikel

Illustrated notes

Levels and vault maps discovered:
D:1:      mrwooster_arrival_statue_3, layout_basic
D:2:      layout_rooms
D:3:      layout_loops_ring, basic_ecumenical_altar, serial_shops,
          nicolae_diamond_shop
D:4:      corexii_shack_village, layout_loops_ring, minmay_temple_entry_ruins,
          uniq_crazy_yiuf_cottage, uniq_pikel
D:5:      layout_basic, st_stairs_5

Skill      XL: |  1  2  3  4  5  6 |
---------------+-------------------+-----
Stealth        | |  9.8
Invocations    | 1 2 |  2.2
Short Blades   | 1 2 |  2.0
Long Blades    | 1 2 |  2.0
Maces & Flails | 1 2 |  2.0
Polearms       | 1 2 |  2.0
Staves         | 1 2 |  2.0
Slings         | 1 2 |  2.0
Bows           | 1 2 |  2.0
Crossbows      | 1 2 |  2.0
Throwing       | 1 2 |  2.0
Armour         | 1 2 |  2.0
Shields        | 1 2 |  2.0
Unarmed Combat | 1 2 |  2.0
Spellcasting   | 1 2 |  2.0
Conjurations   | 1 |  1.6
Hexes          | 1 |  1.6
Summonings     | 1 |  1.6
Necromancy     | 1 |  1.6
Translocations | 1 |  1.6
Transmutations | 1 |  1.6
Fire Magic     | 1 |  1.6
Ice Magic      | 1 |  1.6
Air Magic      | 1 |  1.6
Earth Magic    | 1 |  1.6
Poison Magic   | 1 |  1.6
Evocations     | 1 2 |  2.0
Axes           | 5 |  5.0
Dodging        | 5 |  5.0
Fighting       | |  6.8

Action                   |  1- 3 |  4- 6 || total
-------------------------+-------+-------++-------
Melee: War axe           |     9 |   148 ||   157
       Bite              |     3 |    14 ||    17
       Punch             |       |     1 ||     1
Throw: Javelin           |       |     5 ||     5
  Use: Scroll            |       |     9 ||     9
       Potion            |       |     2 ||     2
 Stab: Sleeping          |     2 |    11 ||    13
       Distracted        |       |     2 ||     2
Armor: Leather armour    |     2 |    24 ||    26
Dodge: Dodged            |     7 |   117 ||   124

Table legend: (Time is in decaauts)
 A = Elapsed time spent in this place.
 B = Non-inter-level travel time spent in this place.
 C = Inter-level travel time spent in this place.
 D = Time resting spent in this place.
 E = Time spent auto-exploring this place.
 F = Levels seen in this place.
 G = Mean time per level.
                   A        B        C        D        E       F      G
               +--------+--------+--------+--------+--------+-----+--------+
         Total |   2808 |   2713 |     95 |    605 |   1475 |   5 |  561.6 |
       Dungeon |   2808 |   2713 |     95 |    605 |   1475 |   5 |  561.6 |
               +--------+--------+--------+--------+--------+-----+--------+

Top non-repeatable levels by time:
     D:3: 934 daAuts
     D:1: 672 daAuts
     D:2: 465 daAuts
     D:4: 393 daAuts
     D:5: 342 daAuts
